AoeStats
← JAGR | BkB

Nomad

510438415Analyzed
4v4 RM · 3d ago on Oct 1, 2026· 39m 25s· 8 players
Game mode
Random Map
Map size
231×231
Population
200
Speed
Normal
Resources
Standard
Victory
Conquest
Starting age
Dark Age
Ending age
Imperial Age
RankedLock teamsTeams togetherTeam positionsShared explorationLock speedFull tech treeHidden civsTurbo modeCheats
Victory
Defeat
🇧🇷 Bohemians · Brazil
1463
+13
🇭🇰 Tatars · Hong Kong SAR China
1439
+14
🇦🇷 Vietnamese · Argentina
1421
+15
🇺🇸 Dravidians · United States
1372
+17
🇵🇪 Varangians · Peru
1499
-19
🇨🇴 Spanish · Colombia
1459
-17
🇦🇷 Turks · Argentina
1318
-12
🇦🇷 Mongols · Argentina
1307
-11
JAGR | GastonWick
5:13 Loom
16:46 Feudal Age
18:02 Fishing Lines
19:06 Double-Bit Axe
19:14 Gold Mining
21:38 Castle Age
20:41 Fletching
20:52 Padded Archer Armor
22:28 Forging
23:24 Bow Saw
24:18 Medium Warships
26:22 Gold Shaft Mining
28:16 Wheelbarrow
28:00 Careening
28:01 Clinker Construction
31:48 Imperial Age
30:30 Bodkin Arrow
30:50 Leather Archer Armor
31:39 Ballistics
31:44 Bloodlines
31:35 Husbandry
33:53 Horse Collar
37:58 Bracer
38:36 Ring Archer Armor
38:43 Thumb Ring
39:05 Parthian Tactics
Carmelo maradona
4:40 Loom
13:34 Feudal Age
18:05 Castle Age
23:58 Bloodlines
23:51 Husbandry
JAGR fran
13:06 Feudal Age
15:50 Loom
18:42 Castle Age
17:19 Double-Bit Axe
19:05 Fletching
20:40 Padded Archer Armor
23:08 Husbandry
25:30 Bloodlines
27:03 Bodkin Arrow
30:27 Leather Archer Armor
31:53 Horse Collar
JAGR | BkB
5:16 Loom
12:37 Feudal Age
13:12 Double-Bit Axe
14:01 Fletching
20:17 Castle Age
21:13 Medium Warships
21:05 Bodkin Arrow
23:45 Clinker Construction
26:26 Careening
27:12 Ballistics
32:21 Wheelbarrow
勤奮的兔兔
5:23 Loom
13:09 Feudal Age
15:38 Double-Bit Axe
18:16 Castle Age
16:18 Fletching
16:36 Gold Mining
19:10 Bow Saw
19:03 Bodkin Arrow
19:11 Padded Archer Armor
21:52 Horse Collar
24:16 Wheelbarrow
24:31 Husbandry
25:14 Gold Shaft Mining
24:40 Heavy Plow
27:01 Bloodlines
28:26 Ballistics
28:28 Leather Archer Armor
31:24 Stone Mining
34:33 Imperial Age
31:49 Town Watch
35:43 Bracer
36:13 Ring Archer Armor
36:46 Chemistry
35:25 Capped Ram
36:26 Heavy Plow
37:18 Heavy Cavalry Archer
Caconero
5:30 Loom
13:36 Feudal Age
15:05 Double-Bit Axe
15:06 Fishing Lines
18:04 Castle Age
16:20 Gold Mining
16:51 Fletching
18:43 Bodkin Arrow
19:09 Medium Warships
19:32 Bow Saw
23:42 Careening
23:46 Clinker Construction
25:05 Ballistics
24:49 Gillnets
27:55 Wheelbarrow
33:27 Imperial Age
30:53 Town Watch
33:51 Hand Cart
34:26 Scale Barding Armor
34:31 Forging
35:38 Chain Barding Armor
35:59 Town Patrol
35:34 Elite Battle Elephant
37:22 Iron Casting
37:08 Bloodlines
36:59 Husbandry
37:45 Plate Barding Armor
38:30 Two-Man Saw
37:25 Stone Mining
38:07 Chatras
Baratinha
4:55 Loom
13:07 Feudal Age
17:05 Castle Age
15:10 Fishing Lines
17:10 Double-Bit Axe
18:14 Bow Saw
17:50 Horse Collar
19:19 Wheelbarrow
22:28 Heavy Plow
29:51 Imperial Age
29:10 Wagenburg Tactics
31:02 Conscription
33:06 Two-Man Saw
34:22 Elite Hussite Wagon
36:07 Padded Archer Armor
35:57 Fletching
37:38 Bodkin Arrow
37:59 Leather Archer Armor
38:22 Bracer
39:24 Chemistry
38:57 Ballistics
38:50 Elite Skirmisher
Bungo
4:45 Loom
12:12 Feudal Age
13:17 Gold Mining
13:19 Fishing Lines
13:30 Double-Bit Axe
16:27 Forging
20:33 Castle Age
19:42 Stone Mining
19:44 Fletching
21:53 Bow Saw
22:10 Horse Collar
23:24 Bodkin Arrow
26:19 Ballistics
25:49 Guard Tower
30:35 Wheelbarrow
33:09 Masonry
32:55 Murder Holes
38:02 Imperial Age
35:30 Elite Skirmisher
36:16 Thumb Ring
37:35 Padded Archer Armor
38:47 Leather Archer Armor
39:05 Bracer
Connection lost

Rejoining the realm…

Still unreachable

The connection could not be restored.

Session expired

The server has moved on; the page needs a fresh start.